Description

Economic standart 1-1-1 opening

This Bo is a great way to open in this match up. It let you play a safe economic start while applying some pressure with a drop of 3 mines.

Replay - CloudM [3/5] TvP Standart (Furis BO)

Build Order

Get SALT Encoding   

  12  0:01  SCV  
  13  0:13  SCV  
  14  0:16  Supply Depot  
  14  0:25  SCV  
  15  0:38  SCV  
  15  0:40  Barracks  
  16  0:44  Refinery  
  16  0:50  SCV  
  17  1:02  SCV  
  18  1:14  SCV  
  19  1:27  Orbital Command, Reaper  
  20  1:42  Command Center  
  20  1:52  SCV, Supply Depot  
  21  1:59  Marine  
  22  2:01  Refinery  
  22  2:05  SCV  
  23  2:15  Factory  
  23  2:17  Marine, SCV  
  25  2:29  SCV  
  26  2:36  Barracks Reactor  
  26  2:40  Bunker  
  26  2:45  SCV  
  27  2:54  Orbital Command  
  27  2:59  Widow Mine  
  27  3:00  Starport  
  27  3:04  SCV  
  30  3:13  Marine x2  
  30  3:18  SCV x2  
  34  3:21  Widow Mine  
  36  3:29  Supply Depot  
  36  3:34  Marine x2  
  36  3:37  Medivac  
  40  3:42  SCV x2, Widow Mine  
  44  3:51  Marine x2  
  44  3:54  SCV x2  
  48  4:00  Barracks x2  
  48  4:15  Starport Reactor  
  48  4:17  Factory Tech Lab  
  48  4:22  SCV x2  
  50  4:24  Command Center  
  50  4:30  Supply Depot x2  
  50  4:34  SCV x2  
  52  4:46  SCV x2  
  52  4:50  Barracks Reactor  
  54  4:53  Medivac x2  
  54  4:54  Marine x2  
  54  4:58  Engineering Bay x2, SCV x2  
  57  5:04  Stimpack  
  62  5:09  Refinery x2  
  62  5:10  SCV x2  
  62  5:13  Marine x3  
  67  5:23  SCV  
  68  5:32  Marine x3  
  68  5:33  Terran Infantry Weapons Level 1, Terran Infantry Armor Level 1  
Spawning Tool Build Advisor. Get it on Overwolf

Analysis

The drop should hit around 4min45. You have a bunker in front to stop any gateway pressure, pairing with the mines it makes you safe vs. anything. Once you have the medivac you lift all the mines and go for it. You get 2 more barracks, 3rd CC and 2 engineering bay behind it and start stim upgrade.

Go to:

Details

  • Created by: Furis
  • Published on: May 17, 2020
  • Modified on: May 17, 2020
  • Patch: 4.11.0
Show
View Real Time Build Order
Export as new Build Order

Comments (0)

There are no comments. Be the first!

Create an account to comment!